 Dungeon Crawl Stone Soup version 0.28.0-53-g5a82cb258f (webtiles) character file.

Game seed: 1231274682772339942

4 mcbry74 the Insei (level 1, 0/15 HPs)
             Began as a Merfolk Transmuter on July 6, 2022.
             Killed from afar by a dart slug (3 damage)
             ... with a slug dart
             ... on level 1 of the Dungeon.
             The game lasted 00:00:29 (36 turns).

mcbry74 the Insei (Merfolk Transmuter)                Turns: 36, Time: 00:00:30

Health: 0/15       AC:  2    Str: 10    XL:     1   Next: 60%
Magic:  2/3        EV: 12    Int: 12    God:
Gold:   0          SH:  0    Dex: 14    Spells: 3/4 levels left

rFire   . . .      SeeInvis .     - Unarmed
rCold   . . .      Faith    .   (no shield)
rNeg    . . .      Spirit   .   a - +0 robe
rPois   .          Reflect  .   (helmet currently unavailable)
rElec   .          Harm     .   (no cloak)
rCorr   .          Rampage  .   (no gloves)
Will    .....                   (boots currently unavailable)
Stlth   +.........              (no amulet)
HPRegen 0.05/turn               (no ring)
MPRegen 0.08/turn               (no ring)

@: appendages (expiring)
A: horns 2, (nimble swimmer 2), mertail
a: End Transformation


You were on level 1 of the Dungeon.
You had temporarily grown beastly horns.
You visited 1 branch of the dungeon, and saw 1 of its levels.

Inventory:

Armour
 a - a +0 robe (worn)


   Skills:
 - Level 1.1 Fighting
 - Level 2.6 Dodging
 * Level 3.5 Unarmed Combat
 - Level 2.0 Spellcasting
 + Level 2.9 Transmutations


You had 3 spell levels left.
You knew the following spells:

 Your Spells              Type           Power      Damage    Failure   Level
a - Beastly Appendage     Tmut           16%        N/A       9%          1

Your spell library contained the following spells:

 Spells                   Type           Power      Damage    Failure   Level
 Wereblood                Tmut           8%         N/A       12%         2
 Spider Form              Tmut/Pois      4%         N/A       41%         3
 Ice Form                 Ice/Tmut       4%         N/A       83%         4


Dungeon Overview and Level Annotations

Branches:
Dungeon (1/15)

Altars:

Annotations:
D:1 1 runed translucent door


Innate Abilities, Weirdness & Mutations

You have temporarily grown beastly horns.
((You are very nimble when in or above water. (Stealth+, EV+, Speed+++)))
Your lower body shifts to a powerful aquatic tail in water.


Message History

The frilled lizard hisses angrily.
The frilled lizard barely misses you.
You hit the frilled lizard.
You kill the frilled lizard!
No target in view!
A goblin comes into view. It is wielding a +0 club.
The goblin shouts!
A hobgoblin comes into view.
A dart slug comes into view.
A goblin comes into view. It is wielding a +0 dagger.
A quokka comes into view.
Casting: Beastly Appendage (safe; 9% risk of failure)
Press: ? - help, Q - select action Dir - look around, f - activate You grow a pair of large bovine horns.
A rat comes into view.
You hit the goblin.
You kill the goblin!
Found a glowing scale mail.
The hobgoblin misses you.
Things that are here:
a +0 club; a goblin corpse You closely miss the hobgoblin.
You headbutt the hobgoblin.
The hobgoblin is severely wounded.
The hobgoblin hits you.
You closely miss the hobgoblin.
The hobgoblin is severely wounded.
The hobgoblin completely misses you.
You hit the hobgoblin.
You kill the hobgoblin!
Your transformation is almost over.
You hit the rat.
You kill the rat!
The quokka bites you. The quokka misses you.
You hit the goblin.
The goblin is heavily wounded.
The quokka bites you.
* * * LOW HITPOINT WARNING * * *
The goblin closely misses you. The dart slug launches a dart at you.
The slug dart hits you.
You die...

... ..[. ####.. #
#.... #. #..###+#+#
.#..####...##.#.####.
.......g.............
...##w#r.#..#..#..#..
.......@#..#..#..#...
...#...#..#..#..#...#
.. #..#..#..#..#..#.#
. #....#..#..#..#...
..................#
..#.###+###..#.###.#
...#. ##.............
#. #. #.............
#.###'#######+###


You could see a dart slug, a quokka and a goblin.

Vanquished Creatures
  A goblin (D:1)
  A hobgoblin (D:1)
  A frilled lizard (D:1)
  A rat (D:1)
4 creatures vanquished.

Notes
Turn   | Place    | Note
-------+----------+-------------------------------------------
     0 | D:1      | mcbry74 the Merfolk Transmuter began the quest for the Orb.
     0 | D:1      | Reached XP level 1. HP: 15/15 MP: 3/3
     1 | D:1      | Found a runed translucent door.
     2 | D:1      | Noticed a jelly
    36 | D:1      | Killed from afar by a dart slug

Illustrated notes

Levels and vault maps discovered:
D:1:      dpeg_arrival_caged_fury, layout_basic, serial_shops,
          nicolae_shop_waterfront, minmay_misc_feat_diagonals

Action                   || total
-------------------------++-------
Melee: Unarmed           ||     7
       Headbutt          ||     1
 Cast: Beastly Appendage ||     1
Dodge: Dodged            ||     5
